 Dungeon Crawl Stone Soup version 0.31-a0-986-g5e6e4ef867 (webtiles) character file.

Game seed: 5741326171580744185

18 voltaire321 the Charlatan (level 2, -7/21 HPs)
             Began as a Demonspawn Artificer on Nov 3, 2023.
             Mangled by Terence
             ... wielding a +0 flail
              (9 damage)
             ... on level 2 of the Dungeon on Nov 5, 2023.
             The game lasted 00:02:04 (605 turns).

voltaire321 the Charlatan (Demonspawn Artificer)     Turns: 605, Time: 00:02:05

Health: -7/21      AC:  4    Str: 12    XL:     2   Next: 48%
Magic:  2/2        EV: 11    Int: 12    God:
Gold:   56         SH:  0    Dex: 13    Spells: 1/1 levels left

rFire   . . .        g - +0 falchion
rCold   . . .        (no shield)
rNeg    . . .        b - +0 leather armour
rPois   .            (no helmet)
rElec   .            a - +0 cloak
rCorr   .            (no gloves)
SInv    .            (no boots)
Will    .....        (no amulet)
Stlth   +            (no ring)
HPRegen 0.23/turn    (no ring)
MPRegen 0.08/turn

%: no passive effects
@: no status effects
A: demonic touch 1
a: no special abilities


You were on level 2 of the Dungeon.
You visited 1 branch of the dungeon, and saw 2 of its levels.

You collected 56 gold pieces.

Inventory:

Hand Weapons
 g - a +0 falchion (weapon)
Armour
 a - a +0 cloak (worn)
 b - a +0 leather armour (worn)
Wands
 c - a wand of flame (15) (quivered)
 d - a wand of charming (15)
 e - a wand of iceblast (5)
Scrolls
 h - 3 scrolls of identify {unknown}
 i - a scroll of immolation {unknown}
 j - 2 scrolls of acquirement {unknown}
 k - a scroll of enchant weapon {unknown}
 l - a scroll of vulnerability {unknown}
Potions
 f - a potion of degeneration {unknown}
 m - a potion of haste {unknown}
 n - a potion of mutation {unknown}


   Skills:
 + Level 1.4 Fighting
 + Level 2.1 Armour
 + Level 1.3 Dodging
 - Level 0.8 Stealth
 + Level 3.2 Evocations


You had one spell level left.
You didn't know any spells.
Your spell library was empty.

Dungeon Overview and Level Annotations

Branches:
Dungeon (2/15)

Altars:

Annotations:
D:2 Terence


Innate Abilities, Weirdness & Mutations

Your touch may inflict minor irresistible damage on your foes.


Message History

Found 8 gold pieces.
There is a stone staircase leading up here.
You now have 56 gold pieces (gained 8).
Terence the Incautious comes into view.
He is wielding a +0 flail.
Terence shouts!
A bat comes into view.
The bat moves out of view.
The bat hits you but does no damage.
You barely miss the bat. The bat barely misses you.
You hit Terence. Your touch misses Terence.
Terence is lightly wounded.
The bat completely misses you. The bat barely misses you.
Terence hits you with a +0 flail.
You hit Terence but do no damage. Your touch misses Terence.
Terence is lightly wounded.
The bat closely misses you. The bat completely misses you.
Terence completely misses you.
You barely miss Terence.
Terence is lightly wounded.
The bat closely misses you. Terence closely misses you.
The bat hits you but does no damage. Terence hits you with a +0 flail.
You hit Terence but do no damage.
Terence is lightly wounded.
The bat closely misses you. Terence hits you but does no damage.
You hit Terence but do no damage.
Terence is lightly wounded.
The bat misses you. Terence barely misses you.
You hit Terence but do no damage.
Terence is lightly wounded.
The bat closely misses you. Terence hits you with a +0 flail!
Ouch! That really hurt!
Terence hits you with a +0 flail!
* * * LOW HITPOINT WARNING * * *
You barely miss Terence.
You touch Terence!
Terence is severely wounded.
The bat hits you but does no damage. Terence misses you.
You hit Terence.
Terence is almost dead.
The bat hits you but does no damage. Terence hits you with a +0 flail!
You die...

###.#### #+##
#......# #...#
#.#.##.##.....
####.#.##.#......
#......##b.......
#................
#....##@@......
#......#......
###.#### .....
#.# ...#
#.#######+##
#.........#
#..######.# #..#
#..#


You could see Terence and a bat.

Vanquished Creatures
  A dart slug (D:1)
  3 ball pythons (D:1)
  2 bats (D:1)
  2 hobgoblins (D:1)
  2 jackals (D:1)
  2 frilled lizards (D:1)
  A kobold (D:1)
  3 rats (D:1)
16 creatures vanquished.

Notes
Turn   | Place    | Note
-------+----------+-------------------------------------------
     0 | D:1      | voltaire321 the Demonspawn Artificer began the quest for
                  | the Orb.
     0 | D:1      | Reached XP level 1. HP: 15/15 MP: 1/1
    43 | D:1      | Reached skill level 1 in Dodging
   155 | D:1      | Gained mutation: Your touch may inflict minor irresistible
                  | damage on your foes. [demonic ancestry]
   155 | D:1      | Reached XP level 2. HP: 10/21 MP: 2/2
   571 | D:1      | Upgraded the game from 0.31-a0-983-g7b6862f502 to
                  | 0.31-a0-986-g5e6e4ef867
   594 | D:2      | Noticed Terence
   603 | D:2      | HP: 1/21 [Terence/+0 flail (7)]
   605 | D:2      | Mangled by Terence

Illustrated notes

Levels and vault maps discovered:
D:1:      lightli_iron_boxes, layout_basic, serial_forest,
          infiniplex_forest_clump_diagonal, infiniplex_forest_zigzag_2,
          infiniplex_forest_clump_C, infiniplex_forest_clump_double,
          infiniplex_forest_zigzag_1, minivault_23
D:2:      layout_loops_corners, grunt_decor_one_mirror,
          kennysheep_generic_room_4, uniq_terence

Skill      XL: |  1 |
---------------+----+-----
Dodging        | 1 |  1.3
Armour         | 2 |  2.1
Fighting       | |  1.4
Stealth        | |  0.8
Evocations     | |  3.2

Action                     || total
---------------------------++-------
  Melee: Falchion          ||    56
         Touch             ||     6
         Punch             ||     2
 Armour: Leather armour    ||    49
  Dodge: Dodged            ||    57

Table legend: (Time is in decaauts)
 A = Elapsed time spent in this place.
 B = Non-inter-level travel time spent in this place.
 C = Inter-level travel time spent in this place.
 D = Time resting spent in this place.
 E = Time spent auto-exploring this place.
 F = Levels seen in this place.
 G = Mean time per level.
                   A        B        C        D        E       F      G
               +--------+--------+--------+--------+--------+-----+--------+
         Total |    620 |    609 |     11 |     45 |    353 |   2 |  310.0 |
       Dungeon |    620 |    609 |     11 |     45 |    353 |   2 |  310.0 |
               +--------+--------+--------+--------+--------+-----+--------+

Top non-repeatable levels by time:
     D:1: 596 daAuts
     D:2: 24 daAuts
